 Dungeon Crawl Stone Soup version 0.30-a0-310-g7d6cbdfea6 (webtiles) character file.

Game seed: 4577164860000579290

3056 Lanoc the Fighter (level 9, -3/76 HPs)
             Began as a Demonspawn Gladiator on Oct 24, 2022.
             Was a Believer of Cheibriados.
             Killed from afar by a steam dragon (15 damage)
             ... with a ball of steam
             ... on level 8 of the Dungeon.
             The game lasted 00:12:17 (7243 turns).

Lanoc the Fighter (Demonspawn Gladiator)            Turns: 7243, Time: 00:12:18

Health: -3/76      AC:  5    Str: 27    XL:     9   Next: 57%
Magic:  9/9        EV: 19    Int: 19    God:    Cheibriados [**....]
Gold:   278        SH:  0    Dex: 22    Spells: 8/8 levels left

rFire   . . .      SeeInvis +    b - +7 quarterstaff "Fatwe" {vorpal, Str+3}
rCold   . . .      Faith    .    (shield currently unavailable)
rNeg    . . .      Spirit   .    G - +1 leather armour "Jecolou" {Str+3 Int+3 Dex+4}
rPois   .          Reflect  .    (helmet restricted)
rElec   .          Harm     .    g - +0 cloak
rCorr   .          Rampage  .    (no gloves)
Will    .....                    (no boots)
Stlth   ++........               (no amulet)
HPRegen 0.32/turn                o - ring of wizardry
MPRegen 0.11/turn                i - ring of see invisible

@: marked, very slow
A: antennae 1, spiny 2, sturdy frame 1, demonic magic 2
a: Renounce Religion, Bend Time


You were on level 8 of the Dungeon.
You worshipped Cheibriados.
Cheibriados was pleased with you.
You visited 2 branches of the dungeon, and saw 9 of its levels.
You also visited: Ossuary.

You collected 370 gold pieces.
You spent 92 gold pieces at shops.

Inventory:

Hand Weapons
 a - the +3 sling of Luxury {vorpal, rElec Dex+4}
   (You found it on level 3 of the Dungeon)

   Any ammunition fired from it inflicts extra damage upon your enemies.
   Dex:       It affects your dexterity (+4).
   rElec:     It insulates you from electricity.
 b - the +7 quarterstaff "Fatwe" (weapon) {vorpal, Str+3}
   (You found it on level 2 of the Dungeon)

   It inflicts extra damage upon your enemies.
   Str:       It affects your strength (+3).
 r - a +1 war axe of freezing
Missiles
 d - 5 throwing nets (quivered)
 e - a javelin
Armour
 g - a +0 cloak (worn)
 G - the +1 leather armour "Jecolou" (worn) {Str+3 Int+3 Dex+4}
   (You found it on level 7 of the Dungeon)

   Str:       It affects your strength (+3).
   Int:       It affects your intelligence (+3).
   Dex:       It affects your dexterity (+4).
Jewellery
 i - a ring of see invisible (right hand)
 o - a ring of wizardry (left hand)
Wands
 f - a wand of polymorph (5)
 n - a wand of iceblast (8)
 u - a wand of flame (30)
Scrolls
 j - 2 scrolls of magic mapping
 l - 2 scrolls of enchant weapon
 p - 6 scrolls of teleportation
 q - 2 scrolls of summoning
 v - 2 scrolls of poison
 x - 2 scrolls of amnesia
 y - a scroll of enchant armour {unknown}
Potions
 c - a potion of brilliance {unknown}
 h - 5 potions of mutation
 k - a potion of cancellation
 m - 3 potions of berserk rage
 s - 4 potions of curing
 w - 4 potions of magic
 z - 2 potions of flight {unknown}
 A - 2 potions of might {unknown}
 B - 2 potions of lignification
 C - a potion of attraction
 D - a potion of heal wounds
 E - a potion of resistance


   Skills:
 + Level 9.2 Fighting
 - Level 3.3 Axes
 - Level 1.7 Throwing
 - Level 3.2 Armour
 + Level 8.7 Dodging


You had 8 spell levels left.
You didn't know any spells.
Your spell library contained the following spells:

 Spells                   Type           Power      Damage    Failure   Level
 Slow                     Hex            0%         N/A       9%          1
 Cigotuvi's Dreadful Rot  Necr/Pois/Air  0%         N/A       12%         2
 Confusing Touch          Hex            0%         N/A       24%         3
 Portal Projectile        Hex/Tloc       0%         N/A       24%         3
 Tukima's Dance           Hex            0%         N/A       24%         3
 Vampiric Draining        Necr           0%         2d6       24%         3
 Dispel Undead            Necr           0%         3d6       58%         4
 Blade Hands              Tmut           0%         N/A       89%         5
 Death Channel            Necr           0%         N/A       100%        6


Dungeon Overview and Level Annotations

Branches:
Dungeon (8/15)             Temple (1/1) D:6            Lair (0/5) D:8
Ossuary (visited)

Altars:
Ashenzari
Cheibriados
Dithmenos
Fedhas
Gozag
Hepliaklqana
Kikubaaqudgha
Makhleb
Nemelex Xobeh
Okawaru
Qazlal
Ru
Sif Muna
Trog
Uskayaw
Vehumet
Xom
Yredelemnul

Shops:
D:5 *!   D:7 [   D:8 *


Innate Abilities, Weirdness & Mutations

You have a pair of small antennae on your head.
You are mostly covered in sharp spines.
Your movements are slightly less encumbered by armour. (ER -2)
Spells you cast may paralyse nearby enemies.


Message History

The black bear is almost dead.
The black bear is struck by your spines.
The black bear closely misses you. x2; The black bear claws you.
The black bear is struck by your spines.
The black bear completely misses you. The black bear barely misses you.
The black bear claws you but does no damage.
You hit the black bear.
You kill the black bear!
Cheibriados appreciates the change of pace.
A steam dragon comes into view.
Found a small opal ring.
The steam dragon breathes steam at you. The ball of steam hits you!
No target in view!
No target in view!
No target in view!
The steam dragon breathes steam at you. The ball of steam hits you!!
No target in view!
No target in view!
The steam dragon misses you.
The steam dragon claws you but does no damage.
You sock the steam dragon!
The steam dragon is heavily wounded.
The steam dragon breathes steam at you. The ball of steam hits you!
You closely miss the steam dragon.
The steam dragon is heavily wounded.
You are engulfed in a cloud of scalding steam.
* * * LOW HITPOINT WARNING * * *
The steam dragon is struck by your spines.
The steam dragon barely misses you.
The steam dragon claws you but does no damage.
You barely miss the steam dragon.
The steam dragon is severely wounded.
You are engulfed in a cloud of scalding steam.
* * * LOW HITPOINT WARNING * * *
The steam dragon breathes steam at you. The ball of steam hits you!
You die...

.....#.###.......# #.#.#
#....#..[#.......####.#.#
.....###.#............#.#
...### #.........####)†.#
...# ###.......# #)#.#
...# #....########.###
#......§...##.#
#....§.§...##.#.
#....§.§@D......
#.##§§.....####.
#..#........#
#.##.##.....#
#.#...#.....#
#...∩......$#
###...##.#### ##.###.#
#.. =.#


You could see a steam dragon (catching breath).

Vanquished Creatures
  Grinder (D:4)
  Sigmund (D:3)
  A wyvern (D:7)
  Menkaure (D:5)
  2 orc warriors
  2 black bears
  An ice beast (D:4)
  A sky beast (D:6)
  An ogre (D:7)
  A centaur (D:7)
  A phantom (D:6)
  A bullfrog (D:7)
  A gnoll sergeant (D:7)
  5 wights (D:7)
  6 killer bees (D:8)
  3 howler monkeys
  A centaur zombie (Ossuary)
  2 hounds (D:6)
  3 jellies
  An orc priest (D:8)
  2 iguanas
  Terence (D:3)
  6 orc wizards
  Ijyb (D:4)
  4 mummies (Ossuary)
  16 adders
  9 gnolls (D:7)
  A white imp (D:7)
  An ufetubus (D:4)
  3 worms
  3 dart slugs
  20 orcs
  12 ball pythons
  6 bats
  6 endoplasms
  4 giant cockroaches
  5 goblins
  4 hobgoblins
  4 jackals
  3 quokkas
  5 frilled lizards
  A gnoll zombie (Ossuary)
  2 goblin zombies (Ossuary)
  2 hobgoblin zombies (Ossuary)
  5 kobolds
  2 kobold zombies (Ossuary)
  6 rats
170 creatures vanquished.

Notes
Turn   | Place    | Note
-------+----------+-------------------------------------------
     0 | D:1      | Lanoc the Demonspawn Gladiator began the quest for the Orb.
     0 | D:1      | Reached XP level 1. HP: 16/16 MP: 1/1
   327 | D:1      | Gained mutation: You are partially covered in sharp spines.
                  | [demonic ancestry]
   327 | D:1      | Reached XP level 2. HP: 20/22 MP: 2/2
   913 | D:2      | Gained mutation: You are mostly covered in sharp spines.
                  | [demonic ancestry]
   913 | D:2      | Reached XP level 3. HP: 26/28 MP: 3/3
   917 | D:2      | Reached skill level 1 in Armour
   941 | D:2      | Identified the +7 quarterstaff "Fatwe" {vorpal, Str+3}
  1064 | D:2      | Identified the +1 robe of Ixumytz {*Slow rPois rCorr SInv}
  1068 | D:2      | Gained mutation: Your movements are slightly less
                  | encumbered by armour. (ER -2) [demonic ancestry]
  1068 | D:2      | Reached XP level 4. HP: 34/34 MP: 4/4
  1215 | D:2      | Reached skill level 3 in Fighting
  1784 | D:3      | Noticed Terence
  1792 | D:3      | Killed Terence
  1793 | D:3      | Reached XP level 5. HP: 29/41 MP: 5/5
  2038 | D:3      | Identified the +3 sling of Luxury {vorpal, rElec Dex+4}
  2250 | D:3      | Noticed Sigmund
  2258 | D:3      | Killed Sigmund
  2259 | D:3      | Reached skill level 4 in Fighting
  2259 | D:3      | Gained mutation: Spells you cast may paralyse adjacent
                  | enemies. [demonic ancestry]
  2259 | D:3      | Reached XP level 6. HP: 41/48 MP: 6/6
  2776 | D:4      | Noticed Ijyb
  2782 | D:4      | Killed Ijyb
  2974 | D:4      | Found a sand-covered staircase.
  2980 | Ossuary  | Entered an ossuary
  3077 | Ossuary  | Gained mutation: You have a pair of small antennae on your
                  | head. [demonic ancestry]
  3077 | Ossuary  | Reached XP level 7. HP: 53/55 MP: 7/7
  3347 | D:4      | Reached skill level 5 in Fighting
  3347 | D:4      | Reached skill level 5 in Dodging
  3845 | D:5      | Entered Level 5 of the Dungeon
  3848 | D:5      | Noticed Grinder
  3860 | D:4      | Paralysed by Grinder for 3 turns
  3864 | D:4      | Killed Grinder
  3986 | D:5      | Noticed Menkaure
  3991 | D:5      | Killed Menkaure
  3992 | D:5      | Reached skill level 6 in Fighting
  3992 | D:5      | Gained mutation: Spells you cast may paralyse nearby
                  | enemies. [demonic ancestry]
  3992 | D:5      | Reached XP level 8. HP: 51/64 MP: 8/8
  4131 | D:5      | Found Tigingoa's Assorted Antiques.
  4144 | D:5      | Bought a scroll of identify for 64 gold pieces
  4144 | D:5      | Bought a fizzy grey potion for 28 gold pieces
  4425 | D:5      | Found Vaew Wamuza's Distillery.
  4797 | D:6      | Reached skill level 7 in Fighting
  4945 | D:6      | Found a staircase to the Ecumenical Temple.
  4953 | Temple   | Entered the Ecumenical Temple
  5279 | Temple   | Became a worshipper of Cheibriados the Contemplative
  5846 | D:7      | Found Leanue's Antique Armour Boutique.
  6044 | D:7      | Reached * piety under Cheibriados
  6055 | D:7      | Identified the +1 leather armour "Jecolou" {Str+3 Int+3
                  | Dex+4}
  6144 | D:7      | Reached skill level 8 in Fighting
  6144 | D:7      | Reached XP level 9. HP: 74/74 MP: 9/9
  7002 | D:8      | Found a staircase to the Lair.
  7039 | D:8      | Reached ** piety under Cheibriados
  7043 | D:8      | Reached skill level 9 in Fighting
  7219 | D:8      | Found Ewempyna's Gadget Gallery.
  7243 | D:8      | Killed from afar by a steam dragon

Illustrated notes

Levels and vault maps discovered:
D:1:      dpeg_arrival_rooms_c, layout_loops_cross, kennysheep_small_spiral
D:2:      minmay_recursive_quarters, layout_basic
D:3:      minmay_bubble_buster, layout_basic, minmay_distorted, uniq_terence,
          uniq_sigmund
D:4:      layout_basic, nicolae_ossuary_entry_plus, uniq_ijyb
D:5:      layout_rooms, serial_shops, shop, kennysheep_little_box,
          uniq_menkaure, uniq_grinder
D:6:      dreamdust_elfheim, layout_loops_corners, minmay_temple_entry_statues
D:7:      layout_loops_ring, general_overflow_altar, nicolae_stop_n_shop_1
D:8:      layout_basic, lair_entry_dummy,
          ploomutoo_gammafunk_ghost_potion_laboratory, nicolae_shop_gadgets
Temple:   mainiacjoe_temple_cubbyholes

Skill      XL: |  1  2  3  4  5  6  7  8  9 |
---------------+----------------------------+-----
Axes           | 3 |  3.3
Dodging        | 3 4 6 7 8 |  8.7
Armour         | 1 2 3 |  3.2
Fighting       | 3 4 6 8 9 |  9.2
Throwing       | |  1.7

Action                   |  1- 3 |  4- 6 |  7- 9 || total
-------------------------+-------+-------+-------++-------
Melee: War axe           |    49 |       |       ||    49
       Punch             |     1 |       |       ||     1
       Quarterstaff      |    10 |    73 |   151 ||   234
 Fire: Sling             |       |    12 |       ||    12
  Use: Scroll            |       |    12 |     7 ||    19
 Stab: Sleeping          |     1 |     2 |       ||     3
Armor: Leather armour    |    25 |    12 |    10 ||    47
       Chain mail        |       |    16 |    51 ||    67
Dodge: Dodged            |    41 |    31 |   127 ||   199

Table legend: (Time is in decaauts)
 A = Elapsed time spent in this place.
 B = Non-inter-level travel time spent in this place.
 C = Inter-level travel time spent in this place.
 D = Time resting spent in this place.
 E = Time spent auto-exploring this place.
 F = Levels seen in this place.
 G = Mean time per level.
                   A        B        C        D        E       F      G
               +--------+--------+--------+--------+--------+-----+--------+
         Total |   7773 |   7332 |    441 |      0 |   6265 |  10 |  777.3 |
       Dungeon |   7200 |   6833 |    367 |      0 |   5871 |   8 |  900.0 |
        Temple |    366 |    293 |     73 |      0 |    286 |   1 |  366.0 |
       Ossuary |    207 |    207 |      0 |      0 |    108 |   1 |  207.0 |
               +--------+--------+--------+--------+--------+-----+--------+

Top non-repeatable levels by time:
     D:7: 1274 daAuts
     D:3: 1249 daAuts
     D:6: 1181 daAuts
     D:4: 938 daAuts
     D:1: 786 daAuts
     D:2: 731 daAuts
     D:5: 606 daAuts
     D:8: 433 daAuts
  Temple: 366 daAuts
 Ossuary: 207 daAuts
